AoeStats
← Navix de los Bosques de Lituania

Arena

509532497Analyzed
2v2 RM · 3d ago on Sep 27, 2026· 50m 2s· 4 players
Game mode
Random Map
Map size
Medium (4 player)
Population
200
Speed
Normal
Resources
Standard
Victory
Conquest
Starting age
Dark Age
Ending age
Imperial Age
RankedLock teamsTeams togetherTeam positionsShared explorationLock speedFull tech treeHidden civsTurbo modeCheats
Victory
Defeat
🇨🇳 Sicilians · China
757
+18
🇺🇸 Persians · United States
729
+19
🇨🇴 Cumans · Colombia
812
-19
795
-18
ColeEcoBOOM
4:37 Loom
13:42 Feudal Age
14:28 Double-Bit Axe
14:31 Horse Collar
15:24 Stone Mining
17:42 Gold Mining
18:34 Wheelbarrow
18:02 Town Watch
19:48 Fletching
24:05 Castle Age
22:40 Forging
22:36 Scale Barding Armor
22:31 Scale Mail Armor
22:32 Padded Archer Armor
25:50 Bow Saw
26:31 Heavy Plow
28:18 Stone Shaft Mining
28:00 Bodkin Arrow
30:43 Gold Shaft Mining
30:35 Hand Cart
34:17 Imperial Age
36:16 Iron Casting
36:01 Chain Barding Armor
35:43 Guard Tower
36:14 Ballistics
35:53 Murder Holes
37:07 Crop Rotation
37:47 Two-Man Saw
38:02 Blast Furnace
38:32 Plate Barding Armor
38:22 Guilds
38:13 Caravan
38:19 Caravan
39:20 Husbandry
41:34 Hoardings
42:06 Chemistry
41:17 Masonry
42:18 Conscription
42:11 Bloodlines
43:02 Citadels
43:17 Kamandaran
44:10 Elite War Elephant
Tiny7192
11:25 Feudal Age
16:27 Castle Age
21:12 Horse Collar
21:21 Double-Bit Axe
22:36 Scale Mail Armor
23:47 Wheelbarrow
24:09 Forging
24:39 Stone Mining
25:29 Heavy Plow
26:02 Town Watch
26:57 Chain Mail Armor
28:24 Hand Cart
28:40 Bow Saw
29:24 Iron Casting
29:00 Gold Mining
30:14 Town Patrol
30:01 Loom
30:19 Squires
29:40 Pikeman
32:18 Gold Shaft Mining
33:06 Scale Barding Armor
36:20 Imperial Age
35:28 Bloodlines
35:19 Husbandry
35:38 Masonry
38:03 Crop Rotation
38:07 Plate Mail Armor
37:54 Siege Engineers
37:45 Murder Holes
39:33 Blast Furnace
38:54 Chain Barding Armor
38:09 Halberdier
39:55 Cavalier
41:38 Ballistics
42:18 Chemistry
42:12 Plate Barding Armor
43:03 Hauberk
44:09 Fletching
44:11 Arrowslits
45:01 Conscription
46:47 Bodkin Arrow
47:42 Elite Serjeant
51:03 Stone Shaft Mining
50:17 Arson
Navix de los Bosques de Lituania
1:36 Loom
12:03 Feudal Age
15:04 Wheelbarrow
16:40 Castle Age
17:23 Padded Archer Armor
17:13 Fletching
18:42 Horse Collar
18:51 Double-Bit Axe
23:32 Hand Cart
23:42 Bow Saw
26:20 Heavy Plow
26:44 Masonry
26:54 Ballistics
27:21 Elite Skirmisher
28:47 Caravan
29:25 Coinage
29:26 Scale Mail Armor
30:41 Forging
31:25 Chain Mail Armor
31:25 Leather Archer Armor
31:05 Bodkin Arrow
32:23 Iron Casting
32:51 Bodkin Arrow
35:28 Imperial Age
32:34 Crossbowman
33:55 Gold Mining
33:55 Stone Mining
34:30 Thumb Ring
34:33 Murder Holes
37:14 Chemistry
36:45 Architecture
36:26 Fortified Wall
36:40 Bracer
37:10 Ring Archer Armor
37:51 Blast Furnace
37:21 Plate Mail Armor
38:41 Banking
38:06 Arbalester
40:33 Elite Chu Ko Nu
41:20 Great Wall
47:46 Man-at-Arms
47:49 Pikeman
48:29 Squires
48:15 Arson
Derzer
9:43 Feudal Age
15:31 Wheelbarrow
14:56 Double-Bit Axe
17:57 Town Watch
18:40 Horse Collar
23:16 Castle Age
25:34 Bow Saw
26:23 Gold Mining
26:25 Stone Mining
27:56 Hand Cart
30:29 Caravan
37:56 Imperial Age
35:45 Heavy Plow
36:07 Steppe Husbandry
37:03 Gold Shaft Mining
36:37 Scale Barding Armor
36:42 Forging
36:49 Bloodlines
37:29 Coinage
37:06 Town Patrol
38:15 Elite Kipchak
40:12 Two-Man Saw
39:43 Crop Rotation
42:56 Elite Kipchak
46:28 Pikeman
47:09 Squires
47:43 Conscription
47:24 Halberdier
Connection lost

Rejoining the realm…

Still unreachable

The connection could not be restored.

Session expired

The server has moved on; the page needs a fresh start.